Workbook
Name ExcesoReal: PeríodoReal*([1]proyecto!$E1>0)
Name período_seleccionado: [1]proyecto!$N$3
Name PeríodoEnPlan: [1]proyecto!A$8=MEDIAN([1]proyecto!A$8,[1]proyecto!$C1,[1]proyecto!$C1+[1]proyecto!$D1-1)
Name PeríodoReal: [1]proyecto!A$8=MEDIAN([1]proyecto!A$8,[1]proyecto!$E1,[1]proyecto!$E1+[1]proyecto!$F1-1)
Name Plan: PeríodoEnPlan*([1]proyecto!$C1>0)
Name PorcentajeCompletado: ExcesoPorcentajeCompletado*PeríodoEnPlan
Name Real: (PeríodoReal*([1]proyecto!$E1>0))*PeríodoEnPlan

Sheet Matriz de Riesgos
B2: Contratar la Adquisición de cintas térmicas y etiquetas, para la identificación de muestras en la Litoteca Nacional "Tierra de Paz", Componente Operacional del Banco de Información Petrolera del Servicio Geológico Colombiano
B3: N° | C3: Clase | D3: Fuente | E3: Etapa | F3: Tipo | G3: Descripción( Que puede pasar y cómo puede ocurrir) | H3: Consecuencia de la ocurrencia del evento | I3: Probabilidad | J3: Impacto | K3: Valoración del Riesgo | L3: Categoría | M3: ¿A quien se le asigna? | N3: Tratamiento /Controles a ser Implementados | O3: Impacto después del tratamiento | T3: Persona responsable por implementar el tratamiento | U3: Fecha estimada en que se inicia el tratamiento | V3: Fecha estimada en que se completa el tratamiento | W3: Monitoreo y Revisión
O4: Probabilidad | P4: Impacto | Q4: Valoración del Riesgo | R4: Categoría | S4: ¿Afecta la ejecución del contrato? | W4: ¿Cómo se realiza el monitoreo? | X4: Periodicidad ¿ Cuando?
B5: 1 | C5: General | D5: Interno | E5: Ejecución | F5: Riegos económicos | G5: Riesgo de Inflación | H5: Efectos favorables o desfavorables de la fluctuación de los precios de los insumos, desabastecimiento y especulación; de la evolución de la inflación real del peso. | I5: 2 | J5: 1 | K5: =+I5+J5 -> 3 | L5: =IF(K5<=4,"Riesgo Bajo",IF(K5=5,"Riesgo Medio",IF(K5<=7,"Riesgo Alto",IF(K5>=8,"Riesgo Extremo")))) -> Riesgo Bajo | M5: Contratista | N5: Aceptar el riesgo e incorporar costos en la oferta | O5: 3 | P5: 2 | Q5: =+O5+P5 -> 5 | R5: =IF(Q5<=4,"Riesgo Bajo",IF(Q5=5,"Riesgo Medio",IF(Q5<=7,"Riesgo Alto",IF(Q5>=8,"Riesgo Extremo")))) -> Riesgo Medio | S5: no | T5: Contratista | U5: Con la preparación de la Oferta | V5: Con la terminación del Contrato | W5: Supervisando la evolución de los indicadores | X5: Durante el proceso de contratación y la ejecución del Contrato
B6: 2 | C6: General | D6: Interno | E6: Ejecución | F6: Riegos económicos | G6: Riesgo de rentabilidad | H6: Efectos, favorables o desfavorables, derivados de las variaciones en la rentabilidad del negocio y obtención de utilidades o sufrimiento de pérdidas | I6: 2 | J6: 2 | K6: =+I6+J6 -> 4 | L6: =IF(K6<=4,"Riesgo Bajo",IF(K6=5,"Riesgo Medio",IF(K6<=7,"Riesgo Alto",IF(K6>=8,"Riesgo Extremo")))) -> Riesgo Bajo | M6: Contratista | N6: Aceptar el riesgo e incorporar costos en la oferta | O6: 2 | P6: 2 | Q6: =+O6+P6 -> 4 | R6: =IF(Q6<=4,"Riesgo Bajo",IF(Q6=5,"Riesgo Medio",IF(Q6<=7,"Riesgo Alto",IF(Q6>=8,"Riesgo Extremo")))) -> Riesgo Bajo | S6: no | T6: Contratista | U6: Con la preparación de la Oferta | V6: Con la terminación del Contrato | W6: Supervisando los costos de la ejecución del Contrato | X6: Durante el proceso de contratación y la ejecución del Contrato
B7: 3 | C7: Especifico | D7: Externo | E7: Ejecución | F7: Riesgos Regulatorios | G7: Riesgo tributario y cambiario | H7: Efectos derivados de la variación de las tarifas impositivas, la creación de nuevos impuestos, tasas o contribuciones, la supresión o modificación de los existentes, la ampliación o reducción de los sujetos pasivos de los tributos, la variación de la base gravable de los tributos, y en general cualquier evento que modifique las condiciones tributarias existentes al momento de la presentación de la Propuesta, | I7: 3 | J7: 2 | K7: =+I7+J7 -> 5 | L7: =IF(K7<=4,"Riesgo Bajo",IF(K7=5,"Riesgo Medio",IF(K7<=7,"Riesgo Alto",IF(K7>=8,"Riesgo Extremo")))) -> Riesgo Medio | M7: contratista | N7: Aceptar el riesgo e incorporar costos en la oferta | O7: 3 | P7: 2 | Q7: =+O7+P7 -> 5 | R7: =IF(Q7<=4,"Riesgo Bajo",IF(Q7=5,"Riesgo Medio",IF(Q7<=7,"Riesgo Alto",IF(Q7>=8,"Riesgo Extremo")))) -> Riesgo Medio | S7: no | T7: Contratista | U7: Durante la ejecución del contrato | V7: En la terminación del contrato | W7: Supervisando los costos de la ejecución del Contrato | X7: Durante el proceso de contratación y la ejecución del Contrato
B8: 4 | C8: Especifico | D8: Externo | E8: Ejecución | F8: Riesgos Sociales o Políticos | G8: Riesgo de fuerza Mayor por destrucción o pérdida de sus propios bienes, elementos y equipos destinados a la ejecución del presente Contrato o daños al personal del Contratista | H8: Efectos desfavorables derivados de todos y cualesquiera daños, perjuicios –incluyendo el daño emergente y el lucro cesante o pérdidas de sus bienes o daños a las personas que integren el personal dispuesto por el Contratista para la ejecución de este Contrato | I8: 4 | J8: 3 | K8: =+I8+J8 -> 7 | L8: =IF(K8<=4,"Riesgo Bajo",IF(K8=5,"Riesgo Medio",IF(K8<=7,"Riesgo Alto",IF(K8>=8,"Riesgo Extremo")))) -> Riesgo Alto | M8: contratista | N8: Deben ser amparados mediante contrato de seguro con una compañía de seguros autorizada para operar en Colombia | O8: 3 | P8: 2 | Q8: =+O8+P8 -> 5 | R8: =IF(Q8<=4,"Riesgo Bajo",IF(Q8=5,"Riesgo Medio",IF(Q8<=7,"Riesgo Alto",IF(Q8>=8,"Riesgo Extremo")))) -> Riesgo Medio | S8: no | T8: Contratista | U8: Durante la ejecución del contrato | V8: En la terminación del contrato | W8: Exigencia de seguros | X8: Para la firma del Acta de Inicio y durante la ejecución del Contrato
B9: 6 | C9: Especifico | D9: Interno | E9: Ejecución | F9: Riesgos operacionales | G9: Accidentes laborales.- Responsabilidad civil por accidentes, daños y lesiones o muerte de terceros. | H9: Retraso en la obtención de los productos, contemplados en los tiempos de planeación. | I9: 3 | J9: 3 | K9: =+I9+J9 -> 6 | L9: =IF(K9<=4,"Riesgo Bajo",IF(K9=5,"Riesgo Medio",IF(K9<=7,"Riesgo Alto",IF(K9>=8,"Riesgo Extremo")))) -> Riesgo Alto | M9: Contratista | N9: Reducir la probabilidad de ocurrencia: Contar con plan operativo y de contingencia | O9: 2 | P9: 4 | Q9: =+O9+P9 -> 6 | R9: =IF(Q9<=4,"Riesgo Bajo",IF(Q9=5,"Riesgo Medio",IF(Q9<=7,"Riesgo Alto",IF(Q9>=8,"Riesgo Extremo")))) -> Riesgo Alto | S9: no | T9: Contratista | U9: Durante la ejecución del contrato | V9: En la terminación del contrato | W9: Supervisando las obligaciones del Contratista | X9: En cada Informe
B10: 7 | C10: General | D10: Externo | E10: Ejecución | F10: Riesgos Financieros | G10: Consecución de financiación y condiciones financieras | H10: Variaciones en la financiación o riesgo de liquidez | I10: 4 | J10: 3 | K10: =+I10+J10 -> 7 | L10: =IF(K10<=4,"Riesgo Bajo",IF(K10=5,"Riesgo Medio",IF(K10<=7,"Riesgo Alto",IF(K10>=8,"Riesgo Extremo")))) -> Riesgo Alto | M10: Contratista | N10: Reducir la probabilidad: cerrar las condiciones de financiación al inicio de ejecución del contrato | O10: 4 | P10: 4 | Q10: =+O10+P10 -> 8 | R10: =IF(Q10<=4,"Riesgo Bajo",IF(Q10=5,"Riesgo Medio",IF(Q10<=7,"Riesgo Alto",IF(Q10>=8,"Riesgo Extremo")))) -> Riesgo Extremo | S10: no | T10: Contratista | U10: Con la preparación de la Oferta | V10: Con la terminación del Contrato | W10: Exiguiendo cupo de credito con una entidad vigilada por la super intenedencia finaciera | X10: Al inicio del contrato
B11: 9 | C11: General | D11: Externo | E11: Ejecución | F11: Riegos económicos | G11: Variaciones de los componentes económicos y técnicos necesarios para cumplir con las obligaciones del Contratista | H11: Mayores costos, demoras, | I11: 3 | J11: 3 | K11: 5 | L11: =IF(K11<=4,"Riesgo Bajo",IF(K11=5,"Riesgo Medio",IF(K11<=7,"Riesgo Alto",IF(K11>=8,"Riesgo Extremo")))) -> Riesgo Medio | M11: Contratista | N11: Aceptar el riesgo e incorporar costos en la oferta. Reducir impacto: Conocimiento del proyecto | O11: 2 | P11: 3 | Q11: =+O11+P11 -> 5 | R11: =IF(Q11<=4,"Riesgo Bajo",IF(Q11=5,"Riesgo Medio",IF(Q11<=7,"Riesgo Alto",IF(Q11>=8,"Riesgo Extremo")))) -> Riesgo Medio | S11: no | T11: Contratista | U11: En la ejecución del contrato | V11: En la terminación del contrato | W11: Supervisando las obligaciones del Contratista | X11: Durante la ejecución del Contrato
B12: 10 | C12: General | D12: Interno | E12: Planeación | F12: Riesgos Regulatorios | G12: La modalidad de contratación Inadecuada para el servicio necesitado | H12: Retraso en la obtención de los productos, contemplados en los tiempos de planeación. | I12: 1 | J12: 4 | K12: =+I12+J12 -> 5 | L12: =IF(K12<=4,"Riesgo Bajo",IF(K12=5,"Riesgo Medio",IF(K12<=7,"Riesgo Alto",IF(K12>=8,"Riesgo Extremo")))) -> Riesgo Medio | M12: Servicio Geológico Colombiano | N12: Aclarar los requisitos, requerimientos y especificaciones y productos del contrato | O12: 1 | P12: 4 | Q12: =+O12+P12 -> 5 | R12: =IF(Q12<=4,"Riesgo Bajo",IF(Q12=5,"Riesgo Medio",IF(Q12<=7,"Riesgo Alto",IF(Q12>=8,"Riesgo Extremo")))) -> Riesgo Medio | S12: no | T12: Servicio Geológico Colombiano | U12: En la etapa de planeación | V12: En la etapa de Selección | W12: Supervisando el tratamiento del riego | X12: Durante la etapa de planeación
B13: 11 | C13: General | D13: Interno | E13: Planeación | F13: Riesgos Regulatorios | G13: Los requisitos habilitantes son inapropiados para el Proceso de Contratación y es posible no encontrar proponentes que los cumplan | H13: Retraso en la obtención de los productos, contemplados en los tiempos de planeación. | I13: 3 | J13: 4 | K13: =+I13+J13 -> 7 | L13: =IF(K13<=4,"Riesgo Bajo",IF(K13=5,"Riesgo Medio",IF(K13<=7,"Riesgo Alto",IF(K13>=8,"Riesgo Extremo")))) -> Riesgo Alto | M13: Servicio Geológico Colombiano | N13: Evitar el Riesgo buscar alternativas para obtener el beneficio del Proceso de Contratación, verificar estudios del sector | O13: 1 | P13: 4 | Q13: =+O13+P13 -> 5 | R13: =IF(Q13<=4,"Riesgo Bajo",IF(Q13=5,"Riesgo Medio",IF(Q13<=7,"Riesgo Alto",IF(Q13>=8,"Riesgo Extremo")))) -> Riesgo Medio | S13: no | T13: Servicio Geológico Colombiano | U13: En la etapa de planeación | V13: En la etapa de Selección | W13: Supervisando los estudios previos y los estudios del sector | X13: Durante la etapa de planeación
B14: 12 | C14: General | D14: Interno | E14: Planeación | F14: Riegos económicos | G14: El valor del contrato no corresponde a los precios del mercado. | H14: Retraso en la obtención de los productos, contemplados en los tiempos de planeación. | I14: 3 | J14: 4 | K14: =+I14+J14 -> 7 | L14: =IF(K14<=4,"Riesgo Bajo",IF(K14=5,"Riesgo Medio",IF(K14<=7,"Riesgo Alto",IF(K14>=8,"Riesgo Extremo")))) -> Riesgo Alto | M14: Servicio Geológico Colombiano | N14: Evitar el Riesgo buscar alternativas para obtener el beneficio del Proceso de Contratación, verificar estudios del sector | O14: 1 | P14: 4 | Q14: =+O14+P14 -> 5 | R14: =IF(Q14<=4,"Riesgo Bajo",IF(Q14=5,"Riesgo Medio",IF(Q14<=7,"Riesgo Alto",IF(Q14>=8,"Riesgo Extremo")))) -> Riesgo Medio | S14: no | T14: Servicio Geológico Colombiano | U14: En la etapa de planeación | V14: En la etapa de Selección | W14: Supervisando los estudios previos y los estudios del sector | X14: Durante la etapa de planeación
B15: 13 | C15: General | D15: Interno | E15: Planeación | F15: Riesgos operacionales | G15: La descripción del bien o servicio requerido no es claro. | H15: Retraso en la obtención de los productos, contemplados en los tiempos de planeación. | I15: 1 | J15: 3 | K15: =+I15+J15 -> 4 | L15: =IF(K15<=4,"Riesgo Bajo",IF(K15=5,"Riesgo Medio",IF(K15<=7,"Riesgo Alto",IF(K15>=8,"Riesgo Extremo")))) -> Riesgo Bajo | M15: Servicio Geológico Colombiano | N15: Aclarar los requisitos, requerimientos y especificaciones y productos del contrato | O15: 1 | P15: 3 | Q15: =+O15+P15 -> 4 | R15: =IF(Q15<=4,"Riesgo Bajo",IF(Q15=5,"Riesgo Medio",IF(Q15<=7,"Riesgo Alto",IF(Q15>=8,"Riesgo Extremo")))) -> Riesgo Bajo | S15: no | T15: Servicio Geológico Colombiano | U15: En la etapa de planeación | V15: En la etapa de Selección | W15: Supervisando el tratamiento del riego | X15: Durante la etapa de planeación
B16: 14 | C16: General | D16: Interno | E16: Planeación | F16: Riesgos Regulatorios | G16: El Proceso de Contratación no cuenta con las condiciones que garanticen la transparencia, equidad y competencia entre los proponentes. | H16: Restricción de ofertas, impidiendo a otras empresas entrar al proceso | I16: 1 | J16: 4 | K16: =+I16+J16 -> 5 | L16: =IF(K16<=4,"Riesgo Bajo",IF(K16=5,"Riesgo Medio",IF(K16<=7,"Riesgo Alto",IF(K16>=8,"Riesgo Extremo")))) -> Riesgo Medio | M16: Servicio Geológico Colombiano | N16: Establecer sistemas de aseguramiento de calidad en los procesos de selección; | O16: 1 | P16: 4 | Q16: =+O16+P16 -> 5 | R16: =IF(Q16<=4,"Riesgo Bajo",IF(Q16=5,"Riesgo Medio",IF(Q16<=7,"Riesgo Alto",IF(Q16>=8,"Riesgo Extremo")))) -> Riesgo Medio | S16: no | T16: Servicio Geológico Colombiano | U16: En la etapa de planeación | V16: En la etapa de Selección | W16: Supervisando el tratamiento del riego | X16: Durante la etapa de planeación
B17: 15 | C17: General | D17: Interno | E17: Planeación | F17: Riesgos Regulatorios | G17: El diseño del Proceso de Contratación no permite satisfacer las necesidades de la Entidad Estatal | H17: Incumplimiento de los objetivos y las metas. | I17: 1 | J17: 5 | K17: =+I17+J17 -> 6 | L17: =IF(K17<=4,"Riesgo Bajo",IF(K17=5,"Riesgo Medio",IF(K17<=7,"Riesgo Alto",IF(K17>=8,"Riesgo Extremo")))) -> Riesgo Alto | M17: Servicio Geológico Colombiano | N17: Establecer sistemas de aseguramiento de calidad en los procesos de selección; | O17: 1 | P17: 5 | Q17: =+O17+P17 -> 6 | R17: =IF(Q17<=4,"Riesgo Bajo",IF(Q17=5,"Riesgo Medio",IF(Q17<=7,"Riesgo Alto",IF(Q17>=8,"Riesgo Extremo")))) -> Riesgo Alto | S17: si | T17: Servicio Geológico Colombiano | U17: En la etapa de planeación | V17: En la etapa de Selección | W17: Supervisando el tratamiento del riego | X17: Durante la etapa de planeación
C23: General | D23: Interno | E23: Planeación | G23: Riegos económicos | H23: 1 | I23: 1 | J23: Riesgo extremo | M23: Contratista | N23: Evitar el riesgo | S23: si
C24: Especifico | D24: Externo | E24: Selección | G24: Riesgos Sociales o Políticos | H24: 2 | I24: 2 | J24: Riesgo alto | M24: Servicio Geológico Colombiano | N24: Transferir el riesgo | S24: no
E25: Contratación | G25: Riesgos operacionales | H25: 3 | I25: 3 | J25: Riesgo medio | M25: Contratista y Servicio Geológico Colombiano | N25: Aceptar el riesgo
E26: Ejecución | G26: Riesgos Financieros | H26: 4 | I26: 4 | J26: Riesgo Bajo | M26: Supervisor | N26: Reducir la probabilidad
G27: Riesgos Regulatorios | H27: 5 | I27: 5 | M27: Interventor | N27: Reducir las Consecuencias
G28: Riesgos de la Naturaleza | M28: Oficina de Contratos
G29: Riesgos Ambientales | K29: 1 | M29: Oficina Jurídica
G30: Riesgos Tecnológicos | K30: 2 | M30: Área Técnica
K31: 3 | M31: Oficina de Recursos Financieros
K32: 4
K33: 5
K34: 6
K35: 7
K36: 8
K37: 9
K38: 10

Sheet Probabilidad del Riesgo 
D2: TABLA 2 PROBABILIDAD DEL RIESGO
D4: Categoria | E4: Valoración
C5: Probabilidad | D5: Raro (Puede ocurrir exepcionalmente) | E5: 1 | F5: 1 en 1000 | G5: =1/1000 -> 0.001
D6: Improbable (Puede ocurrir ocasionalmente) | E6: 2 | F6: 1 en 500 | G6: =1/500 -> 0.002
D7: Posible (Puede Ocurrir en cualquier momento futuro) | E7: 3 | F7: 1 en 250 | G7: =1/250 -> 0.004
D8: Probable (Probablemente va a ocurrir) | E8: 4 | F8: 1 en 100 | G8: =1/100 -> 0.01
D9: Casi cierto (Ocurre en la mayoría de circustancias) | E9: 5 | F9: Casi 1 | G9: 1

Sheet Impacto de Riesgo
B6: TABLA 3 IMPACTO DEL RIESGO
B8: Impacto
B9: Calificación Cualitativa | D9: Obstruye la ejecución del contrato de manera intranscendente | E9: Dificulta la Ejecución del Contrato de manera baja, Aplicando medidas mínimas se puede lograr el objeto contractual | F9: Afecta la ejecución del contrato sin alterar el beneficio para las partes | G9: Obstruye la ejecución del contrato sustancialmente pero aun así permite la consecución del objeto contractual | H9: Perturba la ejecución del contrato de manera grave imposibilitando la consecución del objeto contractual
B10: Calificación Monetaria | D10: Los Sobrecostos no representan más del uno por ciento (1%) del valor del contrato | E10: Los sobrecostos no representan más del cinco por ciento (5%) del valor del contrato | F10: Genera un impacto sobre el valor del contrato entre el cinco porciento (5%) y el quince por ciento (15%) | G10: Incrementa el valor del contrato entre el quince (15%) y el treinta por ciento (30%) | H10: Impacto sobre le valor del contrato en más del treinta por ciento (30%)
B11: Categoría | C11: valoración | D11: Insignificante | E11: Menor | F11: Moderado | G11: Mayor | H11: Catastrófico
D12: 1 | E12: 2 | F12: 3 | G12: 4 | H12: 5
D15: VALORACION DEL RIESGO EN TERMINOS ECONOMICOS DE ACUERDO AL VALOR DEL CONTRATO
D17: Valor del contrato | E17: 10182160
C19: 1 | D19: Insignificante | E19: 0 | F19: 0.0099 | G19: =+E19*$E$17 -> 0 | H19: =+F19*$E$17 -> 100803.38
C20: 2 | D20: Menor | E20: 0.01 | F20: 0.0449 | G20: =+E20*$E$17 -> 101821.6 | H20: =+F20*$E$17 -> 457178.98
C21: 3 | D21: Moderado | E21: 0.05 | F21: 0.1449 | G21: =+E21*$E$17 -> 509108 | H21: =+F21*$E$17 -> 1475395
C22: 4 | D22: Mayor | E22: 0.15 | F22: 0.3 | G22: =+E22*$E$17 -> 1527324 | H22: =+F22*$E$17 -> 3054648
C23: 5 | D23: Catastrófico | E23: 1 | F23: Mayor | G23: =+E23*$E$17 -> 10182160
C29: No 1 | D29: Descripción( Que puede pasar y cómo puede ocurrir) | G29: IMPACTO | H29: VALORACION DEL RIESGO EN TERMINOS ECONOMICOS
C31: =+'Matriz de Riesgos'!B5 -> 1 | D31: =+'Matriz de Riesgos'!G5 -> Riesgo de Inflación | G31: ='Matriz de Riesgos'!J5 -> 1 | H31: =IF(G31="","",VLOOKUP(G31,$C$19:$H$23,5,FALSE)) -> 0 | I31: =IF(G31="","",VLOOKUP(G31,$C$19:$H$23,6,FALSE)) -> 100803.38
C32: =+'Matriz de Riesgos'!B6 -> 2 | D32: =+'Matriz de Riesgos'!G6 -> Riesgo de rentabilidad | G32: ='Matriz de Riesgos'!J6 -> 2 | H32: =IF(G32="","",VLOOKUP(G32,$C$19:$H$23,5,FALSE)) -> 101821.6 | I32: =IF(G32="","",VLOOKUP(G32,$C$19:$H$23,6,FALSE)) -> 457178.98
C33: ='Matriz de Riesgos'!B7 -> 3 | D33: ='Matriz de Riesgos'!G7 -> Riesgo tributario y cambiario | G33: ='Matriz de Riesgos'!J7 -> 2 | H33: =IF(G33="","",VLOOKUP(G33,$C$19:$H$23,5,FALSE)) -> 101821.6 | I33: =IF(G33="","",VLOOKUP(G33,$C$19:$H$23,6,FALSE)) -> 457178.98
C34: ='Matriz de Riesgos'!B8 -> 4 | D34: ='Matriz de Riesgos'!G8 -> Riesgo de fuerza Mayor por destrucción o pérdida de sus propios bienes, elementos y equipos destinados a la ejecución del presente Contrato o daños al personal del Contratista | G34: ='Matriz de Riesgos'!J8 -> 3 | H34: =IF(G34="","",VLOOKUP(G34,$C$19:$H$23,5,FALSE)) -> 509108 | I34: =IF(G34="","",VLOOKUP(G34,$C$19:$H$23,6,FALSE)) -> 1475395
C35: ='Matriz de Riesgos'!#REF! -> #REF! | D35: ='Matriz de Riesgos'!#REF! -> #REF! | G35: ='Matriz de Riesgos'!#REF! -> #REF! | H35: =IF(G35="","",VLOOKUP(G35,$C$19:$H$23,5,FALSE)) -> #REF! | I35: =IF(G35="","",VLOOKUP(G35,$C$19:$H$23,6,FALSE)) -> #REF!
C36: ='Matriz de Riesgos'!B9 -> 6 | D36: ='Matriz de Riesgos'!G9 -> Accidentes laborales.- Responsabilidad civil por accidentes, daños y lesiones o muerte de terceros. | G36: ='Matriz de Riesgos'!J9 -> 3 | H36: =IF(G36="","",VLOOKUP(G36,$C$19:$H$23,5,FALSE)) -> 509108 | I36: =IF(G36="","",VLOOKUP(G36,$C$19:$H$23,6,FALSE)) -> 1475395
C37: ='Matriz de Riesgos'!B10 -> 7 | D37: ='Matriz de Riesgos'!G10 -> Consecución de financiación y condiciones financieras | G37: ='Matriz de Riesgos'!J10 -> 3 | H37: =IF(G37="","",VLOOKUP(G37,$C$19:$H$23,5,FALSE)) -> 509108 | I37: =IF(G37="","",VLOOKUP(G37,$C$19:$H$23,6,FALSE)) -> 1475395
C38: ='Matriz de Riesgos'!#REF! -> #REF! | D38: ='Matriz de Riesgos'!#REF! -> #REF! | G38: ='Matriz de Riesgos'!#REF! -> #REF! | H38: =IF(G38="","",VLOOKUP(G38,$C$19:$H$23,5,FALSE)) -> #REF! | I38: =IF(G38="","",VLOOKUP(G38,$C$19:$H$23,6,FALSE)) -> #REF!
C39: ='Matriz de Riesgos'!B11 -> 9 | D39: ='Matriz de Riesgos'!G11 -> Variaciones de los componentes económicos y técnicos necesarios para cumplir con las obligaciones del Contratista | G39: ='Matriz de Riesgos'!J11 -> 3 | H39: =IF(G39="","",VLOOKUP(G39,$C$19:$H$23,5,FALSE)) -> 509108 | I39: =IF(G39="","",VLOOKUP(G39,$C$19:$H$23,6,FALSE)) -> 1475395
C40: ='Matriz de Riesgos'!B12 -> 10 | D40: ='Matriz de Riesgos'!G12 -> La modalidad de contratación Inadecuada para el servicio necesitado | G40: ='Matriz de Riesgos'!J12 -> 4 | H40: =IF(G40="","",VLOOKUP(G40,$C$19:$H$23,5,FALSE)) -> 1527324 | I40: =IF(G40="","",VLOOKUP(G40,$C$19:$H$23,6,FALSE)) -> 3054648
C41: ='Matriz de Riesgos'!B13 -> 11 | D41: ='Matriz de Riesgos'!G13 -> Los requisitos habilitantes son inapropiados para el Proceso de Contratación y es posible no encontrar proponentes que los cumplan | G41: ='Matriz de Riesgos'!J13 -> 4 | H41: =IF(G41="","",VLOOKUP(G41,$C$19:$H$23,5,FALSE)) -> 1527324 | I41: =IF(G41="","",VLOOKUP(G41,$C$19:$H$23,6,FALSE)) -> 3054648
C42: ='Matriz de Riesgos'!B14 -> 12 | D42: ='Matriz de Riesgos'!G14 -> El valor del contrato no corresponde a los precios del mercado. | G42: ='Matriz de Riesgos'!J14 -> 4 | H42: =IF(G42="","",VLOOKUP(G42,$C$19:$H$23,5,FALSE)) -> 1527324 | I42: =IF(G42="","",VLOOKUP(G42,$C$19:$H$23,6,FALSE)) -> 3054648
C43: ='Matriz de Riesgos'!B15 -> 13 | D43: ='Matriz de Riesgos'!G15 -> La descripción del bien o servicio requerido no es claro. | G43: ='Matriz de Riesgos'!J15 -> 3 | H43: =IF(G43="","",VLOOKUP(G43,$C$19:$H$23,5,FALSE)) -> 509108 | I43: =IF(G43="","",VLOOKUP(G43,$C$19:$H$23,6,FALSE)) -> 1475395
C44: ='Matriz de Riesgos'!B16 -> 14 | D44: ='Matriz de Riesgos'!G16 -> El Proceso de Contratación no cuenta con las condiciones que garanticen la transparencia, equidad y competencia entre los proponentes. | G44: ='Matriz de Riesgos'!J16 -> 4 | H44: =IF(G44="","",VLOOKUP(G44,$C$19:$H$23,5,FALSE)) -> 1527324 | I44: =IF(G44="","",VLOOKUP(G44,$C$19:$H$23,6,FALSE)) -> 3054648
C45: ='Matriz de Riesgos'!B17 -> 15 | D45: ='Matriz de Riesgos'!G17 -> El diseño del Proceso de Contratación no permite satisfacer las necesidades de la Entidad Estatal | G45: ='Matriz de Riesgos'!J17 -> 5 | H45: =IF(G45="","",VLOOKUP(G45,$C$19:$H$23,5,FALSE)) -> 10182160 | I45: =IF(G45="","",VLOOKUP(G45,$C$19:$H$23,6,FALSE)) -> 0

Sheet Valoración del riesgo
B2: TABLA 4 VALORACION DEL RIESGO
B4: Impacto
B5: Calificación Cualitativa | D5: Obstruye la ejecución del contrato de manera intranscendente | E5: Dificulta la Ejecución del Contrato de manera baja, Aplicando medidas mínimas se puede lograr el objeto contractual | F5: Afecta la ejecución del contrato sin alterar el beneficio para las partes | G5: Obstruye la ejecución del contrato sustancialmente pero aun así permite la consecución del objeto contractual | H5: Perturba la ejecución del contrato de manera grave imposibilitando la consecución del objeto contractual
B6: Calificación Monetaria | D6: Los Sobrecostos no representan más del uno por ciento (1%) del valor del contrato | E6: Los sobrecostos no representan más del cinco por ciento (5%) del valor del contrato | F6: Genera un impacto sobre el valor del contrato entre el cinco porciento (5%) y el quince por ciento (15%) | G6: Incrementa el valor del contrato entre el quince (15%) y el treinta por ciento (30%) | H6: Impacto sobre le valor del contrato en más del treinta por ciento (30%)
B7: Categoría | C7: valoración | D7: Insignificante | E7: Menor | F7: Moderado | G7: Mayor | H7: Catastrófico
D8: 1 | E8: 2 | F8: 3 | G8: 4 | H8: 5
A9: Probabilidad | B9: Raro (Puede ocurrir exepcionalmente) | C9: 1 | D9: 2 | E9: 3 | F9: 4 | G9: 5 | H9: 6
B10: Improbable (Puede ocurrir ocasionalmente) | C10: 2 | D10: 3 | E10: 4 | F10: 5 | G10: 6 | H10: 7
B11: Posible (Puede Ocurrir en cualquier momento futuro) | C11: 3 | D11: 4 | E11: 5 | F11: 6 | G11: 7 | H11: 8
B12: Probable (Probablemente va a ocurrir | C12: 4 | D12: 5 | E12: 6 | F12: 7 | G12: 8 | H12: 9
B13: Casi cierto (Ocurre en la mayoría de circustancias) | C13: 5 | D13: 6 | E13: 7 | F13: 8 | G13: 9 | H13: 10

Sheet Categoria del Riesgo
C2: TABLA 5 CATEGORIA DEL RIESGO
C5: Valoración del Riesgo | D5: Categoria
C6: 8,9 y 10 | D6: Riesgo extremo
C7: 6 y 7 | D7: Riesgo alto
C8: 5 | D8: Riesgo medio
C9: 2,3 y 4 | D9: Riesgo Bajo

Sheet Tratamiento de los Riesgos 
B3: Tratamiento de los Riesgos | C3: Actividad
B4: Evitar el riesgo | C4: La entidad decide no proceder con la actividad que causa el riesgo o buscar alternativas para obtener el beneficio del proceso de contratación
B5: Transferir el riesgo | C5: El SGC hace responsable a otra entidad quien asume las consecuencias de la materialización del riesgo, típicamente se transfiere el riesgo a través de las garantías previstas en el proceso de contratación o en las condiciones del contrato estableciendo con claridad quien es el responsable.
B6: Aceptar el Riesgo | C6: El SGC acepta el riesgo porque el riesgo no puede ser evitado ni ser transferido o el costo de evitarlo o transferirlo es muy alto. En este caso se recomiendan medidas para reducir el riesgo o mitigar su impacto, así como el monitoreo
B7: Reducir la Probabilidad | C7: Reducir la probabilidad de ocurrencia del evento, cuando el riesgo debe ser aceptado, para el efecto se sugieren medidas como: (i) aclarar los requisitos, requerimientos y especificaciones y productos del contrato (II) revisar procesos; (III) establecer sistemas de aseguramiento de calidad, en los contratos; (IV) especificar estándares de los bienes y servicios; (V) hacer pruebas e inspecciones de los bienes; (VI) establecer sistemas de acreditación profesional; (VII) Incluir declaraciones y garantías del contratista; (VIII) administrar la relación entre proveedores y compradores
B8: Reducir las Consecuencias | C8: Reducir las consecuencias o el impacto del riesgo a través de planes de contingencia, en los términos y condiciones del contrato, inspecciones y revisiones para revisar el cumplimiento del contrato y programas de apremio para lograr el cumplimiento del contrato
